 Dungeon Crawl Stone Soup version 0.21.1-1-g345015f (webtiles) character file.

158 Mirai the Covered (level 5, -1/41 HPs)
             Began as a Demonspawn Fighter on Mar 7, 2018.
             Slain by Grinder (4 damage)
             ... while paralysed by Grinder
             ... on level 3 of the Dungeon.
             The game lasted 00:06:01 (2034 turns).

Mirai the Covered (Demonspawn Fighter)              Turns: 2034, Time: 00:06:02

Health: -1/41      AC:  9    Str: 16 (17) XL:     5   Next: 16%
Magic:  4/4        EV:  2    Int: 13 (14) God:
Gold:   106        SH:  0    Dex: 13 (15) Spells: 4/4 levels left

rFire    . . .     SeeInvis .   d - +0 hand axe (freeze)
rCold    . . .     Gourm    .   c - +0 shield
rNeg     . . .     Faith    +   b - +0 scale mail
rPois    .         Spirit   .   u - +0 helmet
rElec    .         Reflect  .   (no cloak)
rCorr    .         Harm     .   s - +0 pair of gloves
MR       .....                  (no boots)
Stlth    ..........             i - amulet of faith (curse)
HPRegen  0.13/turn              (no ring)
MPRegen  0.09/turn              (no ring)

@: paralysed, brilliant
A: hooves 1, agile 1, low mp 1, mutation resistance 1, powered by death 1
a: no special abilities


You were on level 3 of the Dungeon.
You were not hungry.

You visited 1 branch of the dungeon, and saw 3 of its levels.

You collected 106 gold pieces.

Inventory:

Hand Weapons
 a - a +0 war axe
 d - a +0 hand axe of freezing (weapon)
Armour
 b - a +0 scale mail (worn)
 c - a +0 shield (worn)
 m - a +0 helmet
 r - a +0 shield
 s - a +0 pair of gloves (worn)
 u - a +0 helmet (worn)
Jewellery
 i - a cursed amulet of faith (around neck)
Scrolls
 e - a scroll of teleportation {unknown}
 l - a scroll of magic mapping {unknown}
 n - 2 scrolls of noise {unknown}
 o - a scroll of identify {unknown}
Potions
 j - a potion of lignification {unknown}
 p - 2 potions of curing {unknown}
Books
 t - a book of Minor Magic

   Spells                             Type                      Level
   a - Magic Dart                     Conjuration                  1
   b - Blink                          Translocation                2
   c - Call Imp                       Summoning                    2
   d - Slow                           Hexes                        2
   e - Conjure Flame                  Conjuration/Fire             3
   f - Mephitic Cloud                 Conjuration/Poison/Air       3
Comestibles
 f - a ration
 q - 3 chunks of flesh


   Skills:
 + Level 3.5 Fighting
 + Level 3.1 Axes
 + Level 3.8 Armour
 + Level 3.3 Shields


You had 4 spell levels left.
You didn't know any spells.

Dungeon Overview and Level Annotations

Branches:
Dungeon (3/15)

Altars:
Fedhas

Annotations:
D:3 Grinder


Innate Abilities, Weirdness & Mutations

You have large cloven feet.
You regenerate a little health from kills.
You are agile. (Dex +2)
Your magical capacity is low. (-10% MP)
You are somewhat resistant to further mutation.


Message History

* * * LOW HITPOINT WARNING * * *
You can move again.
Grinder blinks!
You aren't carrying any items that you can evoke.
Grinder blinks!
It was a potion of degeneration.
There was something very wrong with that liquid.
You feel weakened.
You feel dopey.
You feel clumsy.
It was a potion of brilliance.
You feel clever all of a sudden.
It was a potion of mutation.
You feel extremely strange.
You feel agile.
You feel less energetic.
You feel genetically stable. Grinder gestures at you.
You suddenly lose the ability to move!
Some of the chunks of flesh in your inventory have rotted away.
Grinder hits you but does no damage. Grinder hits you.
* * * LOW HITPOINT WARNING * * *
You writhe in agony.
You die...

#.# ####..#.####.....# #.#
#.#..# #.###.## #.#########
#.#..# #.# #.##
######.........###.#..# #.#
#.## .....########...##.#..#
#.# #.##
####...............#..#
#.###.##
##########...####..####.##รท..#
##.#####.)>.)...))...
#.5@....########.... #######.#
##.#. #.# #.#. #.# #.#. #.#
#... ##.############
#.............. ##.############
###


You could see Grinder.

Vanquished Creatures
  2 orc priests (D:3)
  4 adders
  A worm (D:2)
  3 leopard geckos
  6 orcs (D:3)
  A ball python (D:1)
  9 bats
  3 giant cockroaches
  3 goblins
  6 hobgoblins
  7 kobolds
  2 frilled lizards
  6 rats
53 creatures vanquished.

Notes
Turn   | Place    | Note
-------+----------+-------------------------------------------
     0 | D:1      | Mirai the Demonspawn Fighter began the quest for the Orb.
     0 | D:1      | Reached XP level 1. HP: 18/18 MP: 1/1
   244 | D:1      | Gained mutation: You have large cloven feet. [demonic ancestry]
   244 | D:1      | Reached XP level 2. HP: 20/24 MP: 2/2
   944 | D:2      | Gained mutation: You regenerate a little health from kills. [demonic ancestry]
   944 | D:2      | Reached XP level 3. HP: 22/29 MP: 3/3
  1050 | D:2      | Found a blossoming altar of Fedhas.
  1080 | D:2      | Found a faded altar of an unknown god.
  1328 | D:2      | Reached XP level 4. HP: 8/35 MP: 4/4
  1733 | D:3      | Reached XP level 5. HP: 10/41 MP: 5/5
  1982 | D:3      | Noticed Grinder
  1982 | D:3      | Paralysed by Grinder for 5 turns
  2001 | D:3      | Paralysed by Grinder for 5 turns
  2013 | D:3      | Paralysed by Grinder for 3 turns
  2019 | D:3      | Paralysed by Grinder for 7 turns
  2031 | D:3      | Gained mutation: You are agile. (Dex +2) [potion of mutation]
  2031 | D:3      | Gained mutation: Your magical capacity is low. (-10% MP) [potion of mutation]
  2031 | D:3      | Gained mutation: You are somewhat resistant to further mutation. [potion of mutation]
  2031 | D:3      | Paralysed by Grinder for 4 turns
  2034 | D:3      | Slain by Grinder

Skill      XL: |  1  2  3  4 |
---------------+-------------+-----
Axes           | 2 3 |  3.1
Armour         | 3 |  3.8
Shields        | 3 |  3.3
Fighting       | |  3.5

Action                   |  1- 3 |  4- 6 || total
-------------------------+-------+-------++-------
Melee: War axe           |   112 |    30 ||   142
       Kick              |    23 |    24 ||    47
       Hand axe          |       |    40 ||    40
  Use: Potion            |       |     4 ||     4
  Eat: Chunk             |     2 |     2 ||     4
Armor: Scale mail        |    63 |    40 ||   103
Dodge: Dodged            |    45 |    21 ||    66
Block: Shield            |    59 |    48 ||   107
